 Dungeon Crawl Stone Soup version 0.26-a0-1164-g1a551d6a14 (webtiles) character file.

Game seed: 15043176596933394788

37 uibert the Ducker (level 3, -1/17 HPs)
             Began as a Felid Berserker on Dec 23, 2020.
             Was a Follower of Trog.
             Slain by an orc (3 damage)
             ... on level 2 of the Dungeon.
             The game lasted 00:03:08 (1526 turns).

uibert the Ducker (Felid Berserker)                 Turns: 1526, Time: 00:03:09

Health: -1/17      AC:  1    Str: 11 (14) XL:     3   Next: 23%
Magic:  4/4        EV: 19    Int:  7 (8)  God:    Trog [*.....]
Gold:   182        SH:  0    Dex: 14 (15) Spells: 2/2 levels left
                                        Lives:  0   Deaths: 0

rFire    . . .     SeeInvis +     - Unarmed
rCold    . . .     Faith    .   (shield unavailable)
rNeg     . . .     Spirit   .   (armour unavailable)
rPois    .         Reflect  .   (helmet unavailable)
rElec    .         Harm     .   (cloak unavailable)
rCorr    +         Rampage  .   (gloves unavailable)
Will     .....                  (boots unavailable)
Stlth    ++........             (no amulet)
HPRegen  0.05/turn              a - ring of resist corrosion
MPRegen  0.09/turn              (no ring)

@: quick
A: very small, no armour, no weapons or thrown items, stealth, claws 1, fangs 3,
see invisible, speed 1, shaggy fur 1, sharp paws
a: Renounce Religion, Berserk


You were on level 2 of the Dungeon.
You worshipped Trog.
Trog was aware of your devotion.
You visited 1 branch of the dungeon, and saw 2 of its levels.

You collected 182 gold pieces.

Inventory:

Jewellery
 a - a ring of resist corrosion (left paw)
Scrolls
 g - a scroll of enchant armour
Potions
 e - a potion of lignification


   Skills:
 * Level 3.4 Fighting
 + Level 4.3 Dodging
 + Level 1.1 Stealth
 * Level 3.6 Unarmed Combat


You had 2 spell levels left.
You didn't know any spells.
Your spell library was empty.

Dungeon Overview and Level Annotations

Branches:
Dungeon (2/15)

Altars:


Innate Abilities, Weirdness & Mutations

You cannot wear armour.
You are incapable of wielding weapons or throwing items.
Your paws allow you to move quietly. (Stealth)
You have sharp claws.
You have razor-sharp teeth.
You have supernaturally acute eyesight. (SInv)
You cover ground quickly.
You are covered in fur. (AC +1)
Your sharp claws are effective at attacking unaware monsters.


Message History

You kill the orc!
Trog accepts your kill.
You scratch the orc wizard. Your bite misses the orc wizard.
The orc wizard is moderately wounded.
The orc wizard completely misses you. The orc hits you.
You claw the orc wizard!
The orc wizard is almost dead.
The orc wizard hits you with a +0 dagger.
The orc completely misses you.
You barely miss the orc wizard.
The orc wizard is almost dead.
The orc wizard points at you and mumbles some strange words.
The magic dart hits you.
* * * LOW HITPOINT WARNING * * *
The orc closely misses you.
You closely miss the orc wizard.
The orc wizard is almost dead.
The orc wizard points at you and mumbles some strange words.
The puff of flame misses you. The rat closely misses you. The orc hits you.
You die...

#.. ##.# ...# ##$.#
....
...###..#####.#
.(....oor......
####@########
#.#.........# #
#.#.#.#####.
#.#.#.†....#
#...#.##.#....#
#.....##.# ####
#.#.#.#########
...#.....†...#
###.#########.#####


You could see an orc wizard, an orc and a rat.

Vanquished Creatures
  An adder (D:2)
  An ooze (D:1)
  A leopard gecko (D:1)
  An orc (D:2)
  3 bats
  2 giant cockroaches
  3 goblins (D:1)
  A hobgoblin (D:1)
  A frilled lizard (D:2)
  4 kobolds (D:1)
  5 rats
23 creatures vanquished.

Vanquished Creatures (others)
  4 fungi (D:1)
  5 toadstools (D:1)
9 creatures vanquished.

Grand Total: 32 creatures vanquished

Notes
Turn   | Place    | Note
-------+----------+-------------------------------------------
     0 | D:1      | uibert the Felid Berserker began the quest for the Orb.
     0 | D:1      | Reached XP level 1. HP: 10/10 MP: 2/2
   211 | D:1      | Reached XP level 2. HP: 14/14 MP: 3/3
   877 | D:2      | Reached XP level 3. HP: 17/17 MP: 4/4
  1443 | D:2      | Reached skill level 1 in Stealth
  1526 | D:2      | Slain by an orc

Illustrated notes

Levels and vault maps discovered:
D:1:      dpeg_arrival_oval, layout_loops_ring, minmay_misc_feat_roman,
          minmay_gold_behind_fungi, minivault_26, columned_hall_lemuel
D:2:      layout_basic, overflow_temple_1_default

Skill      XL: |  1  2  3 |
---------------+----------+-----
Stealth        | 1 |  1.1
Fighting       | |  3.4
Dodging        | |  4.3
Unarmed Combat | |  3.6

Action                   || total
-------------------------++-------
Melee: Unarmed           ||    65
       Bite              ||     5
       Punch             ||     1
  Use: Potion            ||     3
       Scroll            ||     2
 Stab: Sleeping          ||     4
Armor: Skin              ||     6
Dodge: Dodged            ||    54

Table legend: (Time is in decaauts)
 A = Elapsed time spent in this place.
 B = Non-inter-level travel time spent in this place.
 C = Inter-level travel time spent in this place.
 D = Time resting spent in this place.
 E = Time spent auto-exploring this place.
 F = Levels seen in this place.
 G = Mean time per level.
                   A        B        C        D        E       F      G
               +--------+--------+--------+--------+--------+-----+--------+
         Total |   1359 |   1306 |     53 |    527 |    508 |   2 |  679.5 |
       Dungeon |   1359 |   1306 |     53 |    527 |    508 |   2 |  679.5 |
               +--------+--------+--------+--------+--------+-----+--------+

Top non-repeatable levels by time:
     D:1: 721 daAuts
     D:2: 637 daAuts
